 Dungeon Crawl Stone Soup version 0.29-a0-96-g93358da72b (webtiles) character file.

Game seed: 11119258880986545021

42 innerfire433 the Magician (level 3, -5/27 HPs)
             Began as a Djinni Air Elementalist on Feb 10, 2022.
             Was a Follower of Makhleb.
             Slain by an ogre (28 damage)
             ... on level 2 of the Dungeon.
             The game lasted 00:03:41 (1917 turns).

innerfire433 the Magician (Djinni Air Elementalist) Turns: 1917, Time: 00:03:41

Health: -5/27      AC:  2    Str:  9    XL:     3   Next: 77%
Gold:   28         EV: 12    Int: 16    God:    Makhleb [*.....] SH:  0 Dex: 13

rFire   + + .      SeeInvis .   b - +0 falchion
rCold   x . .      Faith    .   (no shield)
rNeg    . . .      Spirit   .   a - +0 robe
rPois   ∞          Reflect  .   (no helmet)
rElec   .          Harm     .   (no cloak)
rCorr   .          Rampage  .   (no gloves)
Will    .....                   (boots unavailable)
Stlth   ++........              (no amulet)
HPRegen 0.09/turn               (no ring)
MPRegen 0.00/turn               (no ring)

@: flying
A: sickness immunity, fire resistance 2, cold vulnerability 1, float, innate
caster, HP casting, extra vitality 1
a: Renounce Religion


You were on level 2 of the Dungeon.
You worshipped Makhleb.
Makhleb was aware of your devotion.
You visited 1 branch of the dungeon, and saw 2 of its levels.

You collected 28 gold pieces.

Inventory:

Hand Weapons
 b - a +0 falchion (weapon)
 h - a +3 hunting sling
Armour
 a - a +0 robe (worn)
Scrolls
 c - a scroll of immolation
 d - a scroll of teleportation
 e - 2 scrolls of identify
 g - a scroll of fog {unknown}
 i - a scroll of summoning {unknown}
Potions
 f - a potion of curing {unknown}
 j - 2 potions of brilliance {unknown}


   Skills:
 + Level 1.3 Fighting
 + Level 0.8 Long Blades
 - Level 2.1 Dodging
 - Level 1.5 Stealth
 * Level 2.9 Spellcasting
 * Level 0.9 Invocations


You couldn't memorise any spells.
You knew the following spells:

 Your Spells              Type           Power      Damage    Failure   Level
a - Shock                 Conj/Air       44%        1d5       5%          1
b - Static Discharge      Conj/Air       11%        N/A       9%          2
c - Swiftness             Air            11%        N/A       17%         3
d - Airstrike             Air            5%         N/A       50%         4
e - Sting                 Tmut/Pois      44%        1d5       5%          1
Your spell library was empty.

Dungeon Overview and Level Annotations

Branches:
Dungeon (2/15)

Altars:
Makhleb


Innate Abilities, Weirdness & Mutations

You are immune to sickness and miasma.
You are immune to poison.
Your flesh is very heat resistant. (rF++)
You are vulnerable to cold. (rC-)
You float through the air rather than walking.
You learn spells naturally, not from books.
Your magical power is your life essence.
You have superior vitality. (+4 MHP)


Message History

Casting: Shock (safe; 5% risk of failure)
Confirm with . or Enter, or press ? or * to list all spells.
Okay, then.
The zap hits the frilled lizard.
The frilled lizard is heavily wounded.
The zap misses the frilled lizard.
The zap hits the frilled lizard.
You kill the frilled lizard!
Makhleb accepts your kill.
You feel better.
You can't see any susceptible monsters within range! (Use Z to cast anyway.)
A bat comes into view.
The zap hits the bat.
The bat is heavily wounded.
The zap hits the bat.
You kill the bat!
Makhleb accepts your kill.
You can't see any susceptible monsters within range! (Use Z to cast anyway.)
You can't see any susceptible monsters within range! (Use Z to cast anyway.)
Found a stone staircase leading down.
Key pressed, stopping explore.
You now have 28 gold pieces (gained 2).
A frilled lizard and an ogre come into view.
The ogre shouts!
The ogre moves out of view.
A frilled lizard is nearby!
The zap hits the frilled lizard.
You kill the frilled lizard!
Makhleb accepts your kill.
The zap hits the ogre.
The ogre is lightly wounded.
The zap hits the ogre.
The ogre is moderately wounded.
The zap hits the ogre.
The ogre is moderately wounded.
The zap hits the ogre.
The ogre is moderately wounded.
The ogre hits you with a +0 giant spiked club!!
Ouch! That really hurt!
You die...

#.....<.# #........#######
#####.######÷##.#.....).#..
.####........##....####.#.#
.......#####.##..#.####.#.#
######.#####.#..........#.#
#.##.....<###.###.†..###...
#.##.##...# #.....#........
#.......#.###.###...#######
####.####..@..# ##.## #.#
###O### #.# ##.## #.#
###.#### #...# ... #......#
#...# .... #.#.##.# #...#
.....##.#..#.# ####.####
.....##.##.#.#
#.......##.†...##......#
#.##.##.# ####.###


You could see an ogre.

Vanquished Creatures
  An adder (D:2)
  A dart slug (D:1)
  A worm (D:2)
  4 endoplasms
  A goblin (D:1)
  2 hobgoblins
  2 kobolds (D:2)
  3 quokkas
  2 ball pythons (D:1)
  4 bats
  4 frilled lizards (D:2)
  4 rats
29 creatures vanquished.

Notes
Turn   | Place    | Note
-------+----------+-------------------------------------------
     0 | D:1      | innerfire433 the Djinni Air Elementalist began the quest
                  | for the Orb.
     0 | D:1      | Reached XP level 1. HP: 15/15 MP: 0/0
   391 | D:1      | Reached XP level 2. HP: 18/22 MP: 0/0
   604 | D:1      | Reached skill level 1 in Fighting
   973 | D:1      | Found a faded altar of an unknown god.
   981 | D:1      | Prayed at the altar of an unknown god.
   981 | D:1      | Became a worshipper of Makhleb the Destroyer
   981 | D:1      | Reached * piety under Makhleb
  1313 | D:2      | Reached XP level 3. HP: 21/27 MP: 0/0
  1313 | D:2      | Learned a level 1 spell: Sting
  1912 | D:2      | Noticed an ogre
  1917 | D:2      | Slain by an ogre

Illustrated notes

Levels and vault maps discovered:
D:1:      roderic_dead_forest, layout_basic,
          chequers_ecumenical_altar_simple_redux, minmay_pentomino_r2
D:2:      layout_loops_cross

Skill      XL: |  1  2 |
---------------+-------+-----
Fighting       | 1 |  1.3
Long Blades    | |  0.8
Dodging        | |  2.1
Stealth        | |  1.5
Spellcasting   | |  2.9
Invocations    | |  0.9

Action                   || total
-------------------------++-------
 Cast: Shock             ||    76
  Use: Scroll            ||     2
Armor: Robe              ||     3
Dodge: Dodged            ||     8

Table legend: (Time is in decaauts)
 A = Elapsed time spent in this place.
 B = Non-inter-level travel time spent in this place.
 C = Inter-level travel time spent in this place.
 D = Time resting spent in this place.
 E = Time spent auto-exploring this place.
 F = Levels seen in this place.
 G = Mean time per level.
                   A        B        C        D        E       F      G
               +--------+--------+--------+--------+--------+-----+--------+
         Total |   1915 |   1913 |      2 |      0 |   1668 |   2 |  957.5 |
       Dungeon |   1915 |   1913 |      2 |      0 |   1668 |   2 |  957.5 |
               +--------+--------+--------+--------+--------+-----+--------+

Top non-repeatable levels by time:
     D:1: 1238 daAuts
     D:2: 676 daAuts
